 Dungeon Sprint DCSS version bcrawl-1.15.1 (webtiles) character file.

Game seed: 13816410652176963631

1243 Nivan the Unseen (level 8, -5/62 HPs)
             Began as a Human Rogue on Sept 27, 2019.
             Was a Follower of Okawaru.
             Slain by a centaur warrior (6 damage)
             ... in the Dungeon (Sprint I: "Red Sonja").
             The game lasted 00:08:47 (178 turns).

Nivan the Unseen (Human Rogue)                       Turns: 178, Time: 00:08:48

Health: -5/62      AC:  7    Str: 12    XL:     8   Next: 79%
Magic:  12/12      EV: 10    Int: 11    God:    Okawaru [*.....]
Gold:   415        SH:  0    Dex: 17    Spells: 7/7 levels left

rFire    + . .     SeeInvis .   p - +1 dagger (elec)
rCold    . . .     Gourm    .   (no shield)
rNeg     . . .     Faith    .   s - +3 leather armour {rF+}
rPois    .         Spirit   .   (no helmet)
rElec    .         Reflect  .   d - +0 cloak
rCorr    .         Harm     .   (no gloves)
MR       .....     NoTele   +   (no boots)
Stlth    +++++++...             (no amulet)
HPRegen  0.20/turn              (no ring)
MPRegen  0.13/turn              (no ring)

@: no status effects
A: no striking features
a: Heroism, Renounce Religion


You were in the Dungeon.
You worshipped Okawaru.
Okawaru was aware of your devotion.
You were not hungry.

You visited 1 branch You collected 415 gold pieces.

Inventory:

Hand Weapons
 a - a +2 dagger
 b - a +0 blowgun
 p - a +1 dagger of electrocution (weapon)
 q - a +0 hunting sling
Missiles
 e - 80 poisoned needles
 r - 89 sling bullets
Armour
 c - a +0 robe
 d - a +0 cloak (worn)
 s - a +3 leather armour of fire resistance (worn)
Wands
 f - a wand of flame (15)
 g - a wand of enslavement (15)
 o - a wand of polymorph (24)
Scrolls
 n - a scroll of blinking
Potions
 i - a potion of curing
 j - a potion of heal wounds
 k - a potion of haste
 l - 2 potions of magic
 m - a potion of berserk rage
 u - a potion of invisibility
Comestibles
 h - a ration {!d}
 t - 9 chunks of flesh


   Skills:
 + Level 5.1 Fighting
 + Level 6.6 Short Blades
 + Level 18.2 Stealth
 + Level 5.5 Evocations


You had 7 spell levels left.
You didn't know any spells.
Your spell library was empty.

Dungeon Overview and Level Annotations

Branches:
Dungeon (1/1)

Altars:
Cheibriados
Dithmenos
Elyvilon
Fedhas
Gozag
Hepliaklqana
Kikubaaqudgha
Lugonu
Makhleb
Nemelex Xobeh
Okawaru
Qazlal
Ru
Sif Muna
Trog
Uskayaw
Vehumet
Wu Jian
Xom
Yredelemnul
Zin
The Shining One
Jiyva

Shops:
D %


Message History

The centaur warrior hits you but does no damage.
You hit the centaur warrior.
Lightning courses through the centaur warrior!!
The centaur warrior is severely wounded.
The centaur warrior hits you.
* * * LOW HITPOINT WARNING * * *
The centaur warrior hits you.
* * * LOW HITPOINT WARNING * * *
You completely miss the centaur warrior.
The centaur warrior is severely wounded.
The centaur warrior hits you.
* * * LOW HITPOINT WARNING * * *
The centaur warrior hits you.
* * * LOW HITPOINT WARNING * * *
As you read the scroll labeled QEXZIZ UGRAU, it crumbles to dust.
It is a scroll of identify.
u - a potion of invisibility The centaur warrior hits you but does no damage.
The centaur warrior hits you.
You die...

#######################
#.÷'..#.)'..#__#..'..)#
'..#.)'..#..'..'..#...#
#####'#####'#__####)..+
####..#...#.####§§#####
#__####..##.#§§≈§c#
#_____##'#_.'§≈§@§+
#_.∩..÷'..._#§§§.c#
#_..__##_.#'##+####
#_____###+#.# #######
###


You could see 2 centaur warriors.

Vanquished Creatures
  2 kobold demonologists (D)
  A slime creature (D)
  Sigmund (D)
  A yak (D)
  A floating eye (D)
  An ogre (D)
  A jelly (D)
  Ijyb (D)
9 creatures vanquished.

Notes
Turn   | Place    | Note
-------+----------+-------------------------------------------
     0 | D        | Nivan the Human Rogue began the quest for the Orb.
     0 | D        | Reached XP level 1. HP: 16/16 MP: 2/2
     2 | D        | Noticed Ijyb
     9 | D        | Killed Ijyb
     9 | D        | Reached skill level 7 in Stealth
     9 | D        | Reached XP level 2. HP: 23/23 MP: 4/4
     9 | D        | Reached XP level 3. HP: 28/28 MP: 5/5
    24 | D        | Noticed an ogre
    27 | D        | Killed an ogre
    27 | D        | Reached skill level 10 in Stealth
    27 | D        | Reached XP level 4. HP: 35/35 MP: 6/6
    27 | D        | Reached XP level 5. HP: 41/41 MP: 7/7
    45 | D        | Noticed Sigmund
    48 | D        | Killed Sigmund
    48 | D        | Reached skill level 13 in Stealth
    48 | D        | Reached XP level 6. HP: 48/48 MP: 7/9
    62 | D        | Found a burning altar of Makhleb.
    62 | D        | Found a viscous altar of Jiyva.
    62 | D        | Found a shimmering altar of Xom.
    62 | D        | Found a corrupted altar of Lugonu.
    62 | D        | Noticed a slime creature
    65 | D        | Killed a slime creature
    65 | D        | Reached skill level 5 in Short Blades
    65 | D        | Reached skill level 15 in Stealth
    65 | D        | Reached XP level 7. HP: 54/54 MP: 8/10
    68 | D        | Found an ornate altar of the Wu Jian Council.
    68 | D        | Found a shimmering blue altar of Sif Muna.
    70 | D        | Found a radiant altar of Vehumet.
   104 | D        | Found Biniegig's Food Emporium.
   104 | D        | Found an ancient bone altar of Kikubaaqudgha.
   104 | D        | Found a hazy altar of Hepliaklqana.
   104 | D        | Found a hide-covered altar of Uskayaw.
   104 | D        | Found a basalt altar of Yredelemnul.
   104 | D        | Found an opulent altar of Gozag.
   104 | D        | Found a snail-covered altar of Cheibriados.
   104 | D        | Found a sacrificial altar of Ru.
   104 | D        | Found a shadowy altar of Dithmenos.
   104 | D        | Noticed a yak
   105 | D        | Found a stormy altar of Qazlal.
   105 | D        | Found a blossoming altar of Fedhas.
   105 | D        | Found a bloodstained altar of Trog.
   105 | D        | Found an iron altar of Okawaru.
   105 | D        | Found a glowing golden altar of the Shining One.
   105 | D        | Found a glowing silver altar of Zin.
   105 | D        | Found a white marble altar of Elyvilon.
   106 | D        | Killed a yak
   106 | D        | Reached skill level 16 in Stealth
   107 | D        | Found a sparkling altar of Nemelex Xobeh.
   115 | D        | Became a worshipper of Warmaster Okawaru
   142 | D        | Noticed a kobold demonologist
   143 | D        | Noticed a kobold demonologist
   145 | D        | Reached skill level 5 in Evocations
   145 | D        | Reached XP level 8. HP: 61/61 MP: 11/11
   147 | D        | Killed a kobold demonologist
   147 | D        | Reached skill level 17 in Stealth
   149 | D        | Killed a kobold demonologist
   149 | D        | Reached * piety under Okawaru
   149 | D        | Reached skill level 5 in Fighting
   149 | D        | Reached skill level 18 in Stealth
   170 | D        | Noticed a centaur warrior
   170 | D        | Noticed a centaur warrior
   177 | D        | HP: 1/62 [centaur warrior (6)]
   178 | D        | Slain by a centaur warrior

Skill      XL: |  1  2  3  4  5  6  7  8 |
---------------+-------------------------+-----
Stealth        | 7 10 13 15 16 18 | 18.2
Fighting       | 3 4 5 |  5.1
Short Blades   | 3 4 5 6 |  6.6
Evocations     | 3 4 5 |  5.5

Action                   |  1- 3 |  4- 6 |  7- 9 || total
-------------------------+-------+-------+-------++-------
Melee: Dagger            |     6 |     2 |     8 ||    16
  Use: Scroll            |       |       |     1 ||     1
 Stab: Sleeping          |     2 |     2 |     5 ||     9
Armor: Robe              |     1 |       |       ||     1
       Leather armour    |       |       |     3 ||     3
Dodge: Dodged            |       |       |     2 ||     2
